 Dungeon Crawl Stone Soup version 0.20.1-1-g8b1a95d (webtiles) character file.

3114 kaze the Blocker (level 9, -3/55 HPs)
             Began as a Gargoyle Fighter on Oct 3, 2017.
             Slain by a killer bee (9 damage)
             ... on level 9 of the Dungeon.
             The game lasted 00:16:26 (3998 turns).

kaze the Blocker (Gargoyle Fighter)                 Turns: 3998, Time: 00:16:26

Health: -3/55      AC: 18    Str: 23    XL:     9   Next: 91%
Magic:  9/9        EV: 10    Int:  9    God:
Gold:   224        SH: 12    Dex:  9    Spells: 8/8 levels left

rFire    . . .     SeeInvis .   i - +4 falchion (elec)
rCold    . . .     Gourm    .   c - +1 shield
rNeg     + + .     Faith    .   t - +6 ring mail of Purpose {rN+}
rPois    ∞         Spirit   .   (no helmet)
rElec    +         Reflect  .   (no cloak)
rCorr    .         Harm     .   (no gloves)
MR       .....                  (no boots)
Stlth    +.........             (no amulet)
Regen    0.2/turn               (no ring)
MPRegen  0.2/turn               (no ring)

@: no status effects
A: negative energy resistance 1, electricity resistance, unbreathing,
petrification resistance, rot immunity, AC +5
a: no special abilities


You were on level 9 of the Dungeon.
You were not hungry.

You visited 1 branch of the dungeon, and saw 8 of its levels.

You collected 224 gold pieces.

Inventory:

Hand Weapons
 i - a +4 falchion of electrocution (weapon)
Missiles
 a - 12 javelins (quivered)
 s - 7 tomahawks
Armour
 b - a +0 scale mail
 c - a +1 shield (worn)
 t - the +6 ring mail of Purpose (worn) {rN+}
   (You found it on level 4 of the Dungeon)

   It protects you from negative energy.
Scrolls
 d - a scroll of enchant weapon
 e - a scroll of recharging {unknown}
 g - 6 scrolls of remove curse
 h - 3 scrolls of identify
 q - 2 scrolls of blinking
Potions
 k - 4 potions of brilliance
 o - a potion of haste
 r - a potion of agility
Comestibles
 f - a bread ration
 m - 13 fruits
 n - a royal jelly
 p - 4 meat rations


   Skills:
 + Level 6.1 Fighting
 + Level 6.4 Long Blades
   Level 2.0 Maces & Flails
 + Level 0.8 Throwing
 + Level 7.0 Armour
 + Level 3.1 Dodging
 + Level 2.5 Stealth
 + Level 8.6 Shields


You had 8 spell levels left.
You didn't know any spells.

Dungeon Overview and Level Annotations

Branches:
Dungeon (9/15)             Temple (0/1) D:4
   Lair: D:8-11         Orc: D:9-12

Altars:
Dithmenos
Kikubaaqudgha
Nemelex Xobeh
Okawaru
Sif Muna

Shops:
D:5 *   D:6 *


Innate Abilities, Weirdness & Mutations

You are resistant to torment.
Your stone body is resilient. (AC +5)
You are immune to poison.
You resist negative energy. (rN+)
You are resistant to electric shocks. (rElec)
You can survive without breathing.
You are immune to petrification.
You are immune to rotting.


Message History

You hear an angry buzzing noise.
You miss the killer bee.
The killer bee is almost dead.
The killer bee stings you.
* * * LOW HITPOINT WARNING * * *
The killer bee closely misses you. You block the killer bee's attack.
You hit the killer bee.
Lightning courses through the killer bee!
You kill the killer bee!
You hear an angry buzzing noise.
The killer bee stings you.
* * * LOW HITPOINT WARNING * * *
You block the killer bee's attack.
The killer bee stings you but does no damage.
The crimson imp shouts, "Slither away, thou plume-plucked wibble-sucking bandersnitch!"
Unknown command.
You miss the killer bee.
The killer bee is lightly wounded.
The killer bee stings you!
You die...

..........##### .....
###.......<...####.....
#.......5............
#...........).......
#............5y.....
#...........yyy####
.............yy#
###.....######y# #.....
#@# #..... ### ....


You could see a queen bee, 6 killer bees and a crimson imp.

Vanquished Creatures
  A two-headed ogre (D:8)
  Pikel (D:4)
  The ghost of rollingbeatlefloyd the Cudgeler, an amateur HOFi (D:5)
  A hippogriff (D:8)
  Sigmund (D:2)
  An ogre (D:5)
  2 centaurs (D:5)
  A big kobold (D:6)
  2 bullfrogs
  5 killer bees (D:9)
  2 howler monkeys
  A bullfrog zombie (D:5)
  A centaur zombie (D:8)
  2 hounds
  2 orc priests
  A bullfrog skeleton (D:6)
  A centaur skeleton (D:4)
  3 iguanas
  5 orc wizards
  3 worker ants
  2 worker ant zombies
  9 adders
  2 shadow imps (D:5)
  4 worms (D:2)
  A dart slug (D:2)
  3 leopard geckos
  14 orcs
  5 bats
  3 giant cockroaches
  6 goblins
  4 hobgoblins
  17 jackals
  7 quokkas
  2 ball pythons
  3 frilled lizards
  10 kobolds
  A quokka skeleton (D:4)
  4 rats
134 creatures vanquished.

Vanquished Creatures (others)
  A human (D:2)
  A leopard gecko (D:4)
  A jackal (D:4)
  2 frilled lizards
5 creatures vanquished.

Grand Total: 139 creatures vanquished

Notes
Turn   | Place    | Note
-------+----------+-------------------------------------------
     0 | D:1      | kaze the Gargoyle Fighter began the quest for the Orb.
     0 | D:1      | Reached XP level 1. HP: 14/14 MP: 1/1
    96 | D:1      | Found an iron altar of Okawaru.
   104 | D:1      | Reached XP level 2. HP: 16/19 MP: 2/2
   520 | D:2      | Noticed Sigmund
   529 | D:2      | Killed Sigmund
   529 | D:2      | Reached skill level 1 in Stealth
   529 | D:2      | Reached skill level 4 in Shields
   529 | D:2      | Reached XP level 3. HP: 24/24 MP: 3/3
   529 | D:2      | Reached XP level 4. HP: 29/29 MP: 4/4
   529 | D:2      | Reached XP level 5. HP: 33/33 MP: 5/5
   719 | D:2      | Found an ancient bone altar of Kikubaaqudgha.
   721 | D:2      | Noticed a human
   722 | D:2      | Killed a human
  1115 | D:2      | Reached skill level 1 in Long Blades
  1115 | D:2      | Reached XP level 6. HP: 39/39 MP: 6/6
  1319 | D:3      | Found a deep blue altar of Sif Muna.
  1321 | D:3      | Found a sparkling altar of Nemelex Xobeh.
  1347 | D:3      | Reached skill level 5 in Shields
  1589 | D:3      | Reached skill level 5 in Armour
  1972 | D:4      | Noticed Pikel
  2001 | D:4      | Killed Pikel
  2001 | D:4      | Reached skill level 5 in Fighting
  2001 | D:4      | Reached skill level 1 in Dodging
  2001 | D:4      | Reached XP level 7. HP: 17/44 MP: 7/7
  2001 | D:4      | Reached XP level 8. HP: 19/49 MP: 8/8
  2178 | D:4      | Found a staircase to the Ecumenical Temple.
  2302 | D:4      | Found a shadowy altar of Dithmenos.
  2441 | D:4      | Got a shimmering ring mail
  2452 | D:4      | Identified the +6 ring mail of Purpose {rN+} (You found it on level 4 of the Dungeon)
  2745 | D:4      | Reached skill level 6 in Shields
  2981 | D:5      | Entered Level 5 of the Dungeon
  3072 | D:5      | Noticed rollingbeatlefloyd's ghost (amateur HOFi)
  3084 | D:5      | Killed rollingbeatlefloyd's ghost
  3400 | D:5      | Reached skill level 5 in Long Blades
  3400 | D:5      | Reached skill level 7 in Shields
  3451 | D:5      | Reached XP level 9. HP: 48/55 MP: 9/9
  3508 | D:5      | Found Cicreamu's Commerce Corner.
  3670 | D:6      | Found Zeqi's Assorted Antiques.
  3692 | D:6      | You fall through a shaft for 2 floors!
  3700 | D:8      | Noticed a two-headed ogre
  3721 | D:8      | Killed a two-headed ogre
  3721 | D:8      | Reached skill level 8 in Shields
  3971 | D:9      | Noticed a queen bee
  3998 | D:9      | Slain by a killer bee

Skill      XL: |  1  2  3  4  5  6  7  8  9 |
---------------+----------------------------+-----
Fighting       | 4 5 6 |  6.1
Armour         | 4 5 6 7 |  7.0
Stealth        | 1 2 |  2.5
Shields        | 4 5 7 8 |  8.6
Long Blades    | 1 3 5 6 |  6.4
Dodging        | 1 2 3 |  3.1
Maces & Flails | |  2.0
Throwing       | |  0.8

Action                   |  1- 3 |  4- 6 |  7- 9 || total
-------------------------+-------+-------+-------++-------
Melee: Flail             |    18 |       |       ||    18
       Falchion          |     9 |   183 |   206 ||   398
Throw: Javelin           |       |       |     8 ||     8
  Use: Potion            |     2 |     8 |     4 ||    14
       Scroll            |     2 |     2 |     8 ||    12
 Stab: Invisible         |     1 |       |     1 ||     2
  Eat: Chunk             |       |     4 |     2 ||     6
       Bread ration      |       |       |     1 ||     1
Armor: Scale mail        |     8 |    85 |    12 ||   105
       Ring mail         |       |       |    76 ||    76
Dodge: Dodged            |    11 |    59 |    98 ||   168
Block: Shield            |    16 |   103 |   166 ||   285
       Rpst.: Falchion   |     2 |    24 |    30 ||    56
